 Dungeon Crawl Stone Soup version 0.20-a0-957-g47ad1fd (webtiles) character file.

5205 Duffy the Arsonist (level 10, -4/75 HPs)
             Began as a Naga Fire Elementalist on Apr 5, 2017.
             Was a Believer of Vehumet.
             Slain by Joseph
             ... wielding a +0 quarterstaff
              (15 damage)
             ... on level 8 of the Dungeon.
             The game lasted 00:14:22 (10812 turns).

Duffy the Arsonist (Naga Fire Elementalist)        Turns: 10812, Time: 00:14:23

Health: -4/75      AC: 15    Str: 10    XL:     10   Next: 60%
Magic:  17/19      EV:  9    Int: 27    God:    Vehumet [**....]
Gold:   407        SH:  0    Dex:  6    Spells: 9/22 levels left

rFire    . . .     SeeInvis +   H - +2 war axe of Punishment {protect, rN++ Int+5 Dex-5} (curse)
rCold    . . .     Gourm    .   (no shield)
rNeg     + + .     Faith    .   a - +0 robe
rPois    +         Spirit   .   j - +0 helmet
rElec    .         Reflect  .   C - +0 cloak
rCorr    .         Harm     .   (no gloves)
MR       +....                  (no barding)
Stlth    ++........             (no amulet)
Regen    0.3/turn               (no ring)
MPRegen  0.2/turn               (no ring)

@: protection aura, very slow
A: iridescent scales 1, see invisible, clever 1, deformed body, poison
resistance, slowness 2, slow metabolism 1, spit poison 1, subdued magic 1, AC +3
a: Spit Poison, Renounce Religion


You were on level 8 of the Dungeon.
You worshipped Vehumet.
Vehumet was pleased with you.
You were not hungry.

You visited 2 branches of the dungeon, and saw 9 of its levels.

You collected 407 gold pieces.

Inventory:

Hand Weapons
 e - a +0 spear
 q - a +0 short sword of draining
 s - a +0 dagger of venom
 x - a +0 quarterstaff of protection
 F - a +0 war axe of electrocution
 H - the cursed +2 war axe of Punishment (weapon) {protect, rN++ Int+5 Dex-5}
   (You found it on level 8 of the Dungeon)

   It protects the one who uses it against injury (+AC on strike).
   It affects your intelligence (+5).
   It affects your dexterity (-5).
   It greatly protects you from negative energy.
   It has a curse placed upon it.
Armour
 a - a +0 robe (worn)
 j - a +0 helmet (worn)
 C - a +0 cloak (worn)
Wands
 t - a wand of random effects (35/48)
 B - a wand of scattershot (4/9)
 D - a wand of scattershot (2/9)
Scrolls
 d - 2 scrolls of fear
 g - 4 scrolls of teleportation
 h - 2 scrolls of immolation
 l - 2 scrolls of fog
 m - 7 scrolls of remove curse
 p - 2 scrolls of recharging
 u - a scroll of amnesia
 G - a scroll of enchant weapon
Potions
 f - 5 potions of curing
 k - a potion of cancellation
 n - a potion of haste
 o - a potion of heal wounds
 v - a potion of berserk rage
 A - 2 potions of brilliance
Books
 b - a book of Flames

   Spells                             Type                      Level
   a - Flame Tongue                   Conjuration/Fire             1
   b - Throw Flame                    Conjuration/Fire             2
   c - Conjure Flame                  Conjuration/Fire             3
   d - Inner Flame                    Hexes/Fire                   3
   e - Sticky Flame                   Conjuration/Fire             4
   f - Fireball                       Conjuration/Fire             5
 w - a book of Cantrips

   Spells                             Type                      Level
   a - Confusing Touch                Hexes                        1
   b - Animate Skeleton               Necromancy                   1
   c - Summon Small Mammal            Summoning                    1
   d - Apportation                    Translocation                1
 y - a book of Maledictions

   Spells                             Type                      Level
   a - Corona                         Hexes                        1
   b - Ensorcelled Hibernation        Hexes/Ice                    2
   c - Confuse                        Hexes                        3
   d - Tukima's Dance                 Hexes                        3
   e - Dazzling Spray                 Conjuration/Hexes            3
Comestibles
 c - 4 bread rations
 i - a meat ration
 r - 3 fruits
 z - 5 royal jellies
 E - 2 chunks of flesh


   Skills:
 - Level 1.5 Dodging
 - Level 3.0 Stealth
 + Level 6.5 Spellcasting
 * Level 10.0 Conjurations
 * Level 10.1 Fire Magic


You had 9 spell levels left.
You knew the following spells:

 Your Spells              Type           Power        Failure   Level  Hunger
h - Flame Tongue          Conj/Fire      #####        1%          1    None
j - Sticky Flame          Conj/Fire      #####...     1%          4    ###....
k - Fireball              Conj/Fire      #####.....   1%          5    #####..
l - Conjure Flame         Conj/Fire      #####...     1%          3    None


Dungeon Overview and Level Annotations

Branches:
Dungeon (8/15)             Temple (1/1) D:5
   Lair: D:8-11

Altars:
Ashenzari
Cheibriados
Dithmenos
Elyvilon
Fedhas
Gozag
Hepliaklqana
Kikubaaqudgha
Makhleb
Nemelex Xobeh
Okawaru
Qazlal
Ru
Sif Muna
Trog
Uskayaw
Vehumet
Wu Jian
Xom
Yredelemnul
Zin
The Shining One

Shops:
D:6 :

Annotations:
D:3 1 exclusion, derval's ghost, amateur GrEE
D:8 Joseph


Innate Abilities, Weirdness & Mutations

You cannot wear boots.
Your serpentine skin is tough. (AC +3)
You have supernaturally acute eyesight. (SInv)
Armour fits poorly on your strangely shaped body.
Your system is resistant to poisons. (rPois)
You cover ground very slowly.
You have a slow metabolism.
You can spit poison.
You are partially covered in iridescent scales. (AC +2)
Your mind is acute. (Int +2)
Your spells are a little easier to cast, but a little less powerful.


Message History

Joseph wields an uncursed quarterstaff.
Joseph closely misses you.
You hit the big kobold but do no damage.
The big kobold is heavily wounded.
You hit Joseph.
The big kobold hits you but does no damage. x2
Joseph hits you but does no damage.
Casting: Flame Tongue
Confirm with . or Enter, or press ? or * to list all spells.
Aiming: Sticky Flame
Press: ? - help, Shift-Dir - straight line, f - big kobold
Aim: a big kobold (heavily wounded)
The sticky flame hits the big kobold.
The big kobold is almost dead.
The big kobold is covered in liquid flames!
The big kobold burns!
You kill the big kobold!
Vehumet accepts your kill.
You feel your power returning.
Joseph hits you with an uncursed quarterstaff!
You die...

+.....('........##.<
#....)##..###...##.. .
#.....##..###...##.. #..
####%###...#........
#..[####.(.##)..#........
#.....)(........#........
#.....)(........#>.......
#.....##.@......#........
#..... #@..#######...##..
#.... #...# #... #+#
#.@.. ##### .... .... ..
....


You could see Joseph.

Vanquished Creatures
  2 two-headed ogres
  Pikel (D:4)
  A wyvern (D:8)
  An ice beast (D:6)
  3 black bears (D:6)
  2 orc warriors
  A slave (D:4)
  A necrophage (D:7)
  A phantom (D:6)
  4 sky beasts
  3 ogres
  4 centaurs
  A big kobold (D:8)
  3 scorpions
  4 killer bees (D:7)
  2 crimson imps (D:7)
  7 hounds
  6 orc priests
  A gnoll shaman (D:5)
  3 bullfrog skeletons
  5 orc wizards
  3 iguanas
  Terence (D:2)
  5 worker ants
  A hound skeleton (D:7)
  A worker ant zombie (D:6)
  7 gnolls
  11 adders
  2 oozes
  An adder skeleton (D:7)
  5 worms
  5 leopard geckos
  23 orcs
  2 ball pythons (D:3)
  8 bats
  5 giant cockroaches
  8 goblins
  3 hobgoblins (D:2)
  6 jackals (D:3)
  7 kobolds
  4 quokkas
  5 frilled lizards
  A quokka zombie (D:8)
  5 rats
175 creatures vanquished.

Vanquished Creatures (others)
  2 hounds (D:4)
2 creatures vanquished.

Grand Total: 177 creatures vanquished

Notes
Turn   | Place    | Note
-------+----------+-------------------------------------------
     0 | D:1      | Duffy the Naga Fire Elementalist began the quest for the Orb.
     0 | D:1      | Reached XP level 1. HP: 15/15 MP: 3/3
   375 | D:1      | Reached XP level 2. HP: 22/22 MP: 1/5
  1224 | D:2      | Reached XP level 3. HP: 28/28 MP: 4/6
  1229 | D:2      | Learned a level 3 spell: Conjure Flame
  1706 | D:2      | Noticed Terence
  1718 | D:2      | Killed Terence
  1718 | D:2      | Reached XP level 4. HP: 19/36 MP: 1/7
  2958 | D:3      | Reached XP level 5. HP: 35/42 MP: 5/8
  3172 | D:3      | Learned a level 4 spell: Sticky Flame
  3623 | D:3      | Noticed derval's ghost (amateur GrEE)
  3791 | D:4      | Found a stormy altar of Qazlal.
  4123 | D:4      | Found an ornate altar of the Wu Jian Council.
  4135 | D:4      | Reached XP level 6. HP: 49/49 MP: 6/10
  4681 | D:4      | Noticed Pikel
  4681 | D:4      | Noticed a slave
  4681 | D:4      | Noticed a slave
  4681 | D:4      | Noticed a slave
  4681 | D:4      | Noticed a slave
  4702 | D:4      | Killed a slave
  4741 | D:4      | Killed Pikel
  4741 | D:4      | Reached skill level 5 in Conjurations
  4741 | D:4      | Reached skill level 5 in Fire Magic
  4741 | D:4      | Reached XP level 7. HP: 36/55 MP: 1/12
  5193 | D:4      | Reached XP level 8. HP: 62/62 MP: 5/13
  5688 | D:4      | Found a snail-covered altar of Cheibriados.
  5693 | D:4      | Found a deep blue altar of Sif Muna.
  5768 | D:4      | Learned a level 5 spell: Fireball
  5787 | D:5      | Entered Level 5 of the Dungeon
  6479 | D:5      | Found a staircase to the Ecumenical Temple.
  6485 | Temple   | Entered the Ecumenical Temple
  7003 | D:5      | Found a shimmering altar of Xom.
  7005 | D:5      | Found a radiant altar of Vehumet.
  7009 | D:5      | Became a worshipper of Vehumet
  7518 | D:6      | Found Wumubayn's Book Emporium.
  7628 | D:5      | Noticed a two-headed ogre
  7652 | D:5      | Killed a two-headed ogre
  7652 | D:5      | Reached skill level 5 in Spellcasting
  7652 | D:5      | Reached XP level 9. HP: 68/68 MP: 2/16
  7836 | D:6      | Gained mutation: Your spells are a little easier to cast, but a little less powerful. [mutagenic meat]
  7838 | D:6      | Gained mutation: You have a somewhat thin skeletal structure. (Dex +2, Stealth) [mutagenic meat]
  7839 | D:6      | Gained mutation: You are partially covered in iridescent scales. (AC +2) [mutagenic meat]
  7840 | D:6      | Lost mutation: You have a somewhat thin skeletal structure. (Dex +2, Stealth) [mutagenic meat]
  7841 | D:6      | Gained mutation: Your mind is acute. (Int +2) [mutagenic meat]
  9218 | D:7      | Reached * piety under Vehumet
  9218 | D:7      | Offered knowledge of Shock by Vehumet.
  9218 | D:7      | Reached XP level 10. HP: 61/75 MP: 13/18
  9309 | D:7      | Noticed a two-headed ogre
  9331 | D:7      | Killed a two-headed ogre
 10182 | D:7      | Reached ** piety under Vehumet
 10354 | D:7      | Offered knowledge of Throw Frost by Vehumet.
 10582 | D:8      | Got a sapphire war axe
 10583 | D:8      | Identified the cursed +2 war axe of Punishment {protect, rN++ Int+5 Dex-5} (You found it on level 8 of the Dungeon)
 10648 | D:8      | Reached skill level 10 in Fire Magic
 10802 | D:8      | Reached skill level 10 in Conjurations
 10803 | D:8      | Noticed Joseph
 10812 | D:8      | Slain by Joseph

Vault maps used:
D:1:      minmay_arrival_five_plusses, hangedman_decor_points
D:2:      uniq_terence
D:3:      hex_tiny, tgw_sif
D:4:      old_standard_altar, kennysheep_little_box, minitemple, uniq_pikel
D:5:      gammafunk_temple_overflow_statue, minmay_temple_entry_hall,
          first_bread
D:6:      serial_shops, shop, st_stairs_8
D:8:      david_nohive_1, uniq_joseph
Temple:   regret_index_temple_sphere_string

Skill      XL: |  1  2  3  4  5  6  7  8  9 10 |
---------------+-------------------------------+-----
Conjurations   | 2 3 4 5 6 8 9 10 | 10.0
Fire Magic     | 4 5 6 8 9 10 | 10.1
Spellcasting   | 3 5 6 |  6.5
Dodging        | |  1.5
Stealth        | |  3.0

Action                   |  1- 3 |  4- 6 |  7- 9 | 10-12 || total
-------------------------+-------+-------+-------+-------++-------
Melee: Spear             |     5 |       |    10 |     9 ||    24
       Dagger            |       |    95 |   137 |    33 ||   265
       Short sword       |       |    16 |       |       ||    16
       Quarterstaff      |       |    13 |       |       ||    13
       War axe           |       |       |       |    85 ||    85
 Cast: Flame Tongue      |    53 |    59 |    82 |    72 ||   266
       Conjure Flame     |       |     3 |     5 |     6 ||    14
       Sticky Flame      |       |     1 |    24 |     9 ||    34
 Abil: Spit Poison       |     6 |     1 |     2 |     1 ||    10
  Use: Scroll            |       |     1 |     8 |     2 ||    11
       Potion            |       |     7 |       |       ||     7
 Stab: Sleeping          |     1 |     4 |     3 |     1 ||     9
       Invisible         |       |     3 |       |       ||     3
  Eat: Chunk             |     2 |     9 |    21 |     6 ||    38
       Fruit             |       |       |     1 |       ||     1
Armor: Robe              |     8 |    47 |    61 |   106 ||   222
Dodge: Dodged            |    26 |   100 |    96 |   124 ||   346
